 Dungeon Crawl Stone Soup version 0.23.2-33-g5129a83184 (webtiles) character file.

Game seed: 15734390004134443603

9509 DorianNounverber the Geomancer (level 11, 0/66 HPs)
             Began as a Gargoyle Earth Elementalist on July 16, 2019.
             Was a Priest of Vehumet.
             Slain by an unseen horror (6 damage)
             ... on level 2 of the Abyss.
             The game lasted 00:45:46 (10903 turns).

DorianNounverber the Geomancer (GrEE)              Turns: 10903, Time: 00:45:46

Health: 0/66       AC: 15    Str: 12    XL:     11   Next: 47%
Magic:  11/23      EV: 18    Int: 21    God:    Vehumet [***...]
Gold:   755        SH:  2    Dex: 10    Spells: 5/26 levels left

rFire    . . .     SeeInvis .   Q - +3 flail (freeze)
rCold    . . .     Gourm    .   (no shield)
rNeg     + . .     Faith    .   M - +3 leather armour
rPois    ∞         Spirit   .   z - +0 helmet
rElec    +         Reflect  +   (no cloak)
rCorr    .         Harm     .   (no gloves)
MR       .....                  (no boots)
Stlth    ++........             v - +2 amulet of reflection
HPRegen  0.21/turn              r - +5 ring of evasion
MPRegen  0.18/turn              A - +2 ring of intelligence

@: about to teleport
A: negative energy resistance 1, electricity resistance, unbreathing,
petrification resistance, rot immunity, AC +8
a: Renounce Religion


You were on level 2 of the Abyss.
You worshipped Vehumet.
Vehumet was most pleased with you.
You were not hungry.

You visited 1 branch of the dungeon, and saw 10 of its levels.
You visited the Abyss 1 time.

You collected 755 gold pieces.

Inventory:

Hand Weapons
 s - a cursed +5 halberd
 C - a +5 long sword
 Q - a +3 flail of freezing (weapon)
 R - a +0 fustibalus
 W - a +2 morningstar of holy wrath
Missiles
 b - 296 stones (quivered)
 j - 4 throwing nets
 D - 12 tomahawks
 G - 2 exploding tomahawks
 U - 2 tomahawks of returning
Armour
 z - a +0 helmet (worn)
 M - a +3 leather armour (worn)
Magical Staves
 t - an uncursed staff of death
Jewellery
 k - a +3 ring of evasion
 o - an uncursed ring of positive energy
 q - an uncursed amulet of the gourmand
 r - a +5 ring of evasion (left hand)
 v - a +2 amulet of reflection (around neck)
 A - a +2 ring of intelligence (right hand)
Wands
 c - a wand of digging (10)
 n - a wand of acid (5)
 E - a wand of paralysis (9)
 J - a wand of iceblast (28)
 N - a wand of polymorph (12)
 T - a wand of disintegration (23)
Scrolls
 e - 2 scrolls of blinking {unknown}
 g - 3 scrolls of amnesia
 h - a scroll of enchant armour {unknown}
 i - 2 scrolls of fog
 l - 3 scrolls of fear
 m - 2 scrolls of teleportation
 p - 2 scrolls of remove curse
 w - 2 scrolls of immolation {unknown}
 y - a scroll of noise {unknown}
 F - 3 scrolls of enchant weapon
 K - a scroll of torment {unknown}
 S - a scroll of acquirement {unknown}
 V - a scroll of magic mapping {unknown}
Potions
 a - a potion of blood
 f - a potion of agility
 u - a potion of ambrosia {unknown}
 x - a potion of curing
 B - 4 potions of flight
 H - a potion of cancellation
 I - a potion of berserk rage {unknown}
 L - a potion of mutation {unknown}
 O - a potion of might {unknown}
Comestibles
 d - 18 rations


   Skills:
 + Level 6.6 Fighting
 + Level 5.5 Dodging
 - Level 2.1 Stealth
 * Level 8.4 Spellcasting
 + Level 6.0 Conjurations
 - Level 0.7 Transmutations
 + Level 3.8 Fire Magic
 * Level 11.2 Earth Magic
 + Level 4.5 Evocations


You had 5 spell levels left.
You knew the following spells:

 Your Spells              Type           Power        Failure   Level  Hunger
a - Sandblast             Erth           ######       1%          1    None
b - Stone Arrow           Conj/Erth      #####.       1%          3    None
c - Petrify               Tmut/Erth      ####....     9%          4    ###....
d - Passwall              Tmut/Erth      ####....     1%          2    None
e - Lee's Rapid Deconstr  Erth           ######....   1%          5    #####..
f - Blink                 Tloc           N/A          14%         2    None
g - Conjure Flame         Conj/Fire      ####....     1%          3    None
h - Magic Dart            Conj           ####         1%          1    None

Your spell library contained the following spells:

 Spells                   Type           Power        Failure   Level  Hunger
 Throw Flame              Conj/Fire      ####..       1%          2    None
 Dazzling Spray           Conj/Hex       ###...       2%          3    None
 Mephitic Cloud           Conj/Pois/Air  ###.....     3%          3    None
 Corona                   Hex            #......      10%         1    None
 Call Imp                 Summ           #.......     14%         2    None
 Ensorcelled Hibernation  Hex/Ice        #.....       14%         2    None
 Slow                     Hex            #.......     14%         2    None
 Confuse                  Hex            #.......     28%         3    None
 Tukima's Dance           Hex            #.......     28%         3    None


Dungeon Overview and Level Annotations

Branches:
Dungeon (10/15)            Temple (0/1) D:7
   Lair: D:8-11         Orc: D:9-12

Altars:
Ashenzari
Cheibriados
Dithmenos
Elyvilon
Okawaru
Trog
Vehumet
Xom

Shops:
D:4 [   D:7 =

Annotations:
D:9 Erolcha


Innate Abilities, Weirdness & Mutations

You are resistant to torment.
Your stone body is resilient. (AC +8)
You are immune to poison.
You resist negative energy. (rN+)
You are resistant to electric shocks. (rElec)
You can survive without breathing.
You are immune to petrification.
You are immune to rotting.


Message History

The blast of sand hits the small abomination!!
You destroy the small abomination!
Vehumet accepts your kill.
b - 296 stones Something misses you.
Something hits you but does no damage.
Okay, then.
Something hits you but does no damage.
Casting: Sandblast (safe; 1% risk of failure)
Confirm with . or Enter, or press ? or * to list all spells.
Okay, then.
As you read the scroll of teleportation, it crumbles to dust.
You feel strangely unstable.
You feel the power of the Abyss delaying your translocation!
Something hits you.
* * * LOW HITPOINT WARNING * * *
Something hits you but does no damage. Something hits you but does no damage.
Something hits you.
You die...

###... .... .
#...........
#....... ..
#...........
...........
#...........
##...........
######......# ..##
#@.........#...#.#
#....§######..#...##
# #.##.. ..#§..#.#
..#. #. # ##...
.#... .. .#. # . ##
###. # # ..


There were no monsters in sight!

Vanquished Creatures
  Harold (D:7)
  A centaur warrior (D:9)
  Pikel (D:6)
  Psyche (D:9)
  A smoke demon (Abyss:2)
  A troll (D:10)
  Grinder (D:6)
  A hippogriff (D:8)
  A spriggan (D:7)
  3 yaks (D:9)
  A vampire (D:9)
  A ynoxinul (Abyss:2)
  4 hungry ghosts
  A neqoxec (Abyss:2)
  Duvessa (D:6)
  4 orc warriors
  A sky beast (D:6)
  A necrophage (D:8)
  A black bear (D:9)
  An ice beast (D:6)
  5 ogres
  A phantom (D:6)
  2 centaurs
  A big kobold (D:8)
  5 bullfrogs
  A wyvern zombie (D:6)
  2 small abominations (Abyss:2)
  Dowan (D:6)
  4 scorpions
  12 wights
  9 howler monkeys
  3 crimson imps
  2 bullfrog zombies
  A centaur zombie (D:8)
  8 hounds
  12 orc priests
  A bullfrog skeleton (D:5)
  A centaur skeleton (D:4)
  Jessica (D:3)
  4 iguanas
  7 orc wizards
  9 worker ants
  2 hound skeletons
  Robin (D:3)
  10 adders
  4 shadow imps
  An ufetubus (Abyss:2)
  3 oozes
  2 adder zombies
  2 adder skeletons
  3 worms
  A dart slug (D:3)
  9 leopard geckos
  36 orcs
  9 giant cockroaches
  14 goblins
  14 hobgoblins
  7 jackals
  16 kobolds
  3 quokkas
  4 ball pythons
  3 bats
  2 frilled lizards
  8 rats
274 creatures vanquished.

Vanquished Creatures (others)
  A slave (D:6)
  An orc priest (D:6)
  An orc wizard (D:6)
  3 gnolls (D:6)
  An ooze (D:6)
  An orc (D:6)
  3 fungi (D:10)
11 creatures vanquished.

Grand Total: 285 creatures vanquished

Notes
Turn   | Place    | Note
-------+----------+-------------------------------------------
     0 | D:1      | DorianNounverber the Gargoyle Earth Elementalist began the
                  | quest for the Orb.
     0 | D:1      | Reached XP level 1. HP: 10/10 MP: 3/3
    81 | D:1      | Reached XP level 2. HP: 10/16 MP: 1/5
   129 | D:1      | Found a shattered altar of Ashenzari.
   388 | D:1      | Reached skill level 4 in Earth Magic
   638 | D:1      | Reached XP level 3. HP: 16/20 MP: 6/6
   643 | D:1      | Learned a level 3 spell: Stone Arrow
   675 | D:1      | Reached skill level 1 in Fighting
  1571 | D:2      | Noticed a bullfrog
  1583 | D:2      | Killed a bullfrog
  1583 | D:2      | Reached XP level 4. HP: 5/26 MP: 8/8
  1583 | D:2      | Reached XP level 5. HP: 5/30 MP: 9/9
  1817 | D:2      | Learned a level 4 spell: Petrify
  2388 | D:3      | Reached skill level 5 in Earth Magic
  2704 | D:3      | Learned a level 2 spell: Passwall
  2915 | D:3      | Noticed Robin
  2936 | D:3      | Killed Robin
  3054 | D:3      | Noticed Jessica
  3065 | D:3      | Killed Jessica
  3065 | D:3      | Reached XP level 6. HP: 34/35 MP: 9/11
  3092 | D:3      | Found a faded altar of an unknown god.
  3555 | D:4      | Reached skill level 1 in Conjurations
  3812 | D:4      | Found Zaicro's Armour Shop.
  3876 | D:4      | Reached skill level 6 in Earth Magic
  3876 | D:4      | Reached XP level 7. HP: 39/40 MP: 9/13
  4024 | D:4      | Found a snail-covered altar of Cheibriados.
  4174 | D:5      | Entered Level 5 of the Dungeon
  4847 | D:5      | Reached XP level 8. HP: 46/46 MP: 15/15
  4860 | D:5      | Reached skill level 7 in Earth Magic
  5208 | D:5      | Reached skill level 5 in Spellcasting
  5727 | D:6      | Noticed Grinder
  5743 | D:6      | Killed Grinder
  5822 | D:6      | Reached skill level 1 in Evocations
  5905 | D:6      | Noticed Pikel
  5927 | D:6      | Killed Pikel
  5927 | D:6      | Reached skill level 8 in Earth Magic
  5927 | D:6      | Reached XP level 9. HP: 45/52 MP: 7/18
  6205 | D:6      | Found a radiant altar of Vehumet.
  6218 | D:6      | Became a worshipper of Vehumet
  6258 | D:6      | Noticed Duvessa
  6263 | D:6      | Killed Duvessa
  6264 | D:6      | Noticed Dowan
  6281 | D:6      | Killed Dowan
  6711 | D:7      | Found a staircase to the Ecumenical Temple.
  6720 | D:7      | Learned a level 5 spell: Lee's Rapid Deconstruction
  6826 | D:7      | Reached skill level 5 in Fighting
  6826 | D:7      | Reached skill level 9 in Earth Magic
  6844 | D:7      | Found Ovvo's Jewellery Shop.
  6967 | D:7      | Learned a level 2 spell: Blink
  6971 | D:7      | Learned a level 3 spell: Conjure Flame
  6973 | D:7      | Learned a level 1 spell: Magic Dart
  7184 | D:7      | Noticed Harold
  7223 | D:7      | Killed Harold
  7223 | D:7      | Reached skill level 1 in Fire Magic
  7223 | D:7      | Reached XP level 10. HP: 5/59 MP: 0/20
  7262 | D:7      | Reached * piety under Vehumet
  7262 | D:7      | Offered knowledge of Shock by Vehumet.
  7602 | D:7      | You fall through a shaft!
  7664 | D:8      | Found an iron altar of Okawaru.
  7807 | D:8      | Found a shadowy altar of Dithmenos.
  7807 | D:8      | Found a shimmering altar of Xom.
  8120 | D:7      | Reached skill level 5 in Conjurations
  8343 | D:7      | Reached skill level 10 in Earth Magic
  9172 | D:8      | Reached ** piety under Vehumet
  9172 | D:8      | Offered knowledge of Throw Frost by Vehumet.
  9322 | D:8      | Reached skill level 5 in Dodging
  9431 | D:8      | Found a white marble altar of Elyvilon.
  9470 | D:8      | Found a bloodstained altar of Trog.
  9581 | D:9      | Noticed Erolcha
  9609 | D:10     | Entered Level 10 of the Dungeon
 10065 | D:9      | Noticed Psyche
 10069 | D:9      | Killed Psyche
 10069 | D:9      | Reached XP level 11. HP: 64/64 MP: 11/22
 10289 | D:9      | Offered knowledge of Throw Flame by Vehumet.
 10508 | D:9      | Reached *** piety under Vehumet
 10539 | D:9      | Noticed a centaur warrior
 10553 | D:9      | Killed a centaur warrior
 10553 | D:9      | Reached skill level 11 in Earth Magic
 10714 | D:9      | Cast into level 2 of the Abyss (Erolcha)
 10903 | Abyss:2  | Slain by an unseen horror

Skill      XL: |  1  2  3  4  5  6  7  8  9 10 11 |
---------------+----------------------------------+-----
Earth Magic    | 4 5 6 8 9 10 11 | 11.2
Fighting       | 1 2 3 4 5 6 |  6.6
Dodging        | 2 3 4 5 |  5.5
Spellcasting   | 3 4 6 7 8 |  8.4
Conjurations   | 1 2 3 4 5 6 |  6.0
Evocations     | 1 3 4 |  4.5
Fire Magic     | 1 3 |  3.8
Stealth        | |  2.1
Transmutations | |  0.7

Action                   |  1- 3 |  4- 6 |  7- 9 | 10-12 || total
-------------------------+-------+-------+-------+-------++-------
Melee: Unarmed           |    21 |       |       |       ||    21
       Whip              |    77 |       |       |       ||    77
       Hand axe          |    31 |   104 |       |       ||   135
       Short sword       |       |       |   131 |       ||   131
       Long sword        |       |       |    26 |     8 ||    34
       Flail             |       |       |       |    32 ||    32
       Trident           |       |       |       |    12 ||    12
 Cast: Sandblast         |    12 |    34 |    99 |   123 ||   268
       Stone Arrow       |     2 |     8 |    18 |    47 ||    75
       Passwall          |       |     2 |       |       ||     2
       Petrify           |       |       |     2 |     1 ||     3
       Lee's Rapid Decon |       |       |     1 |     9 ||    10
       Blink             |       |       |     1 |     2 ||     3
       Magic Dart        |       |       |       |    29 ||    29
       Conjure Flame     |       |       |       |     1 ||     1
Evoke: Wand              |       |       |     1 |       ||     1
  Use: Scroll            |       |     2 |     2 |     7 ||    11
       Potion            |       |       |     7 |     2 ||     9
 Stab: Sleeping          |     3 |     7 |     2 |       ||    12
       Petrified         |       |       |    12 |       ||    12
  Eat: Chunk             |     3 |     8 |     9 |     7 ||    27
       Ration            |       |       |     1 |     2 ||     3
Armor: Robe              |    50 |    18 |       |       ||    68
       Leather armour    |       |    16 |    40 |    72 ||   128
Dodge: Dodged            |    88 |   105 |   165 |   103 ||   461
Block: Other             |       |     2 |    12 |    10 ||    24
       Rpst.: Long sword |       |       |    16 |     5 ||    21
